 Dungeon Crawl Stone Soup version 0.31-a0-237-g2d982f9f85 (webtiles) character file.

Game seed: 8495439959702342821

347 qw the Shooter (level 6, 0/37 HPs)
             Began as a Gargoyle Hexslinger on July 10, 2023.
             Slain by an ogre
             ... wielding a +0 giant club
              (24 damage)
             ... on level 5 of the Dungeon.
             The game lasted 00:00:59 (2425 turns).

qw the Shooter (Gargoyle Hexslinger)                Turns: 2425, Time: 00:01:00

Health: 0/37       AC: 10    Str: 16 (17) XL:     6   Next: 59%
Magic:  7/7        EV: 11    Int: 14      God:
Gold:   257        SH:  0    Dex: 14      Spells: 6/7 levels left

rFire   . . .        h - +1 sling (heavy)
rCold   . . .        (no shield)
rNeg    + . .        j - +0 ring mail
rPois   inf          (no helmet)
rElec   +            (no cloak)
rCorr   .            (no gloves)
SInv    .            (no boots)
Will    .....        a - amulet of regeneration
Stlth   +            d - +6 ring of strength
HPRegen 1.06/turn    (no ring)
MPRegen 0.10/turn

%: no passive effects
@: no status effects
A: sickness immunity, AC +4, negative energy resistance 1, electricity
resistance, torment resistance 1, petrification resistance
a: no special abilities


You were on level 5 of the Dungeon.
You visited 1 branch of the dungeon, and saw 5 of its levels.

You collected 257 gold pieces.


Innate Abilities, Weirdness & Mutations

You are immune to sickness and miasma.
Your stone body is resilient. (AC +4)
You are immune to poison.
You resist negative energy. (rN+)
You are resistant to electric shocks. (rElec)
You are resistant to unholy torment.
You are immune to petrification.


   Skills:
 - Level 3.1 Fighting
 + Level 5.2 Ranged Weapons
 - Level 3.3 Armour
 - Level 1.5 Dodging
 - Level 1.0 Spellcasting
 - Level 2.6 Hexes


You had 6 spell levels left.
You knew the following spells:

 Your Spells              Type           Power      Damage    Failure   Level
a - Slow                  Hex            32%        N/A       16%         1

Your spell library contained the following spells:

 Spells                   Type           Power      Damage    Failure   Level
 Inner Flame              Hex/Fire       4%         N/A       63%         3
 Portal Projectile        Hex/Tloc       8%         N/A       63%         3
 Cause Fear               Hex            4%         N/A       85%         4

Inventory:

Hand Weapons
 h - a +1 heavy sling (weapon)
Armour
 b - a +0 cloak
 j - a +0 ring mail (worn)
Jewellery
 a - an amulet of regeneration (around neck)
 d - a +6 ring of strength (left hand)
Scrolls
 f - a scroll of brand weapon
 Y - 2 scrolls of teleportation
Potions
 c - a potion of cancellation {unknown}
 e - a potion of magic {unknown}
 g - a potion of brilliance {unknown}
 i - a potion of might {unknown}

Dungeon Overview and Level Annotations

Branches:
Dungeon (5/15)
 Temple: D:4-7

Altars:


Message History

The sling bullet barely misses the gnoll.
The gnoll closely misses you. The gnoll completely misses you.
You shoot a sling bullet. The sling bullet hits the gnoll.
The gnoll is almost dead.
The gnoll hits you with a +0 flail. The gnoll misses you.
You shoot a sling bullet.
The sling bullet hits the gnoll but does no damage.
The gnoll is almost dead.
The gnoll misses you. The gnoll hits you but does no damage.
You shoot a sling bullet.
The sling bullet closely misses the gnoll.
The gnoll hits you with a +0 flail. The gnoll closely misses you.
You shoot a sling bullet. The sling bullet hits the gnoll!
You kill the gnoll!
You start resting.
HP restored.
Found an escape hatch in the ceiling.
Found a stone staircase leading down.
There is a stone staircase leading down here.
You now have 257 gold pieces (gained 12).
An ogre comes into view. It is wielding a +0 giant club.
The ogre shouts!
You shoot a sling bullet. The sling bullet hits the ogre!
The ogre is moderately wounded.
You shoot a sling bullet. The sling bullet hits the ogre.
The ogre is heavily wounded.
The ogre hits you with a +0 giant club!!
Ouch! That really hurt!
The ogre hits you but does no damage.
You shoot a sling bullet.
The sling bullet barely misses the ogre.
The ogre closely misses you.
You shoot a sling bullet. The sling bullet hits the ogre.
The ogre is severely wounded.
The ogre barely misses you.
You shoot a sling bullet. The sling bullet hits the ogre.
The ogre is almost dead.
The ogre hits you with a +0 giant club!!
Ouch! That really hurt!
You die...

.........#.#######
..........#>......#
...........#.#####.#
#####......#.....#
#.....<#####.# ####
#.# #.# #####.#
#.@...# #O##### #.
#. #. #. #. #.


You could see an ogre.

Vanquished Creatures
  A black bear (D:3)
  A scorpion (D:3)
  A gnoll bouda (D:5)
  An iguana (D:5)
  3 gnolls (D:5)
  4 adders
  A shadow imp (D:5)
  An ufetubus (D:3)
  3 worms
  2 dart slugs (D:1)
  2 orcs
  2 bats (D:1)
  2 endoplasms
  2 giant cockroaches
  7 hobgoblins
  7 kobolds
  3 quokkas
  6 ball pythons
  3 frilled lizards
  3 goblins (D:1)
  4 rats
59 creatures vanquished.

Notes
Turn   | Place    | Note
-------+----------+-------------------------------------------
     0 | D:1      | qw the Gargoyle Hexslinger began the quest for the Orb.
     0 | D:1      | Reached XP level 1. HP: 12/12 MP: 2/2
     0 | D:1      | 0 ||| qw: Version: 0.3-a-52-g30416fa
     0 | D:1      | 0 ||| qw: Game counter: 4958
     0 | D:1      | 0 ||| qw: Melee chars always use a shield: true
     0 | D:1      | 0 ||| qw: God list: Okawaru
     0 | D:1      | 0 ||| qw: Allow faded altars: false
     0 | D:1      | 0 ||| qw: Do Orc after clearing Dungeon:15 true
     0 | D:1      | 0 ||| qw: Do second Lair branch before Depths: true
     0 | D:1      | 0 ||| qw: Lair rune preference: random
     0 | D:1      | 0 ||| qw: Goals: Normal
     0 | D:1      | 0 ||| PLANNING D:1-11
   165 | D:1      | Reached XP level 2. HP: 16/16 MP: 3/3
   321 | D:1      | Reached skill level 3 in Ranged Weapons
   398 | D:1      | Reached XP level 3. HP: 21/21 MP: 4/4
   879 | D:1      | 879 ||| UPGRADING to +0 leather armour.
   889 | D:1      | 889 ||| DROPPING +0 robe.
   890 | D:1      | 890 ||| UPGRADING to +0 ring mail.
   900 | D:1      | 900 ||| DROPPING +0 leather armour.
   901 | D:1      | 901 ||| UPGRADING to amulet of guardian spirit.
   906 | D:1      | 906 ||| READING scroll labelled PESOECWOPIU.
   907 | D:1      | 907 ||| READING scroll labelled HIJO KYQOU.
   908 | D:1      | 908 ||| READING scroll labelled SURHYR MOU.
   909 | D:1      | 909 ||| DROPPING scroll of poison.
  1520 | D:2      | 1520 ||| UPGRADING to amulet of regeneration.
  1530 | D:2      | 1530 ||| DROPPING amulet of guardian spirit.
  1531 | D:2      | 1531 ||| READING scroll labelled LIYPNI XOSIV.
  1532 | D:2      | 1532 ||| READING 2 scrolls labelled JYDWAY MEUM.
  1533 | D:2      | 1533 ||| DROPPING scroll of vulnerability.
  1592 | D:3      | Reached XP level 4. HP: 26/26 MP: 5/5
  1626 | D:3      | Reached skill level 4 in Ranged Weapons
  1771 | D:3      | Noticed a black bear
  1775 | D:3      | Killed a black bear
  1776 | D:3      | Reached skill level 3 in Armour
  1776 | D:3      | Reached XP level 5. HP: 30/30 MP: 6/6
  2197 | D:3      | 2197 ||| UPGRADING to +6 ring of strength.
  2198 | D:3      | 2198 ||| READING 3 scrolls labelled LEEPOWUXIF.
  2203 | D:3      | 2203 ||| DRINKING 2 glowing blue potions.
  2204 | D:3      | 2204 ||| DROPPING potion of degeneration.
  2228 | D:4      | 2228 ||| STAIRDANCE
  2239 | D:3      | Reached XP level 6. HP: 24/35 MP: 7/7
  2244 | D:3      | Reached skill level 5 in Ranged Weapons
  2280 | D:4      | You fall into a shaft and drop 1 floor!
  2280 | D:5      | Entered Level 5 of the Dungeon
  2332 | D:5      | 2332 ||| Stepping ~*~*~tactically~*~*~ (outnumbered).
  2335 | D:5      | 2335 ||| Stepping ~*~*~tactically~*~*~ (outnumbered).
  2341 | D:5      | Reached skill level 3 in Fighting
  2425 | D:5      | Slain by an ogre

Levels and vault maps discovered:
D:1:      matt_arrival_refuge, layout_basic
D:2:      layout_loops_ring
D:3:      layout_basic
D:4:      layout_basic, marbit_many_paths
D:5:      layout_basic

Skill      XL: |  1  2  3  4  5  6 |
---------------+-------------------+-----
Ranged Weapons | 3 4 5 |  5.2
Fighting       | 2 3 |  3.1
Armour         | 3 |  3.3
Dodging        | |  1.5
Spellcasting   | |  1.0
Hexes          | |  2.6

Action                     |  1- 3 |  4- 6 || total
---------------------------+-------+-------++-------
   Fire: Sling             |   133 |   108 ||   241
    Use: Scroll            |     5 |     1 ||     6
         Potion            |       |     1 ||     1
 Armour: Robe              |    10 |       ||    10
         Ring mail         |    11 |    60 ||    71
  Dodge: Dodged            |    50 |    92 ||   142

Table legend:
 A = Non-vault XP
 B = Vault XP
 C = Vault XP percentage of total XP
 D = Non-vault monster count
 E = Vault monster count
 F = Vault count percentage of total count
                 A         B        C        D         E       F
            +---------+---------+-------+---------+---------+-------
      Total |     496 |       0 |   0.0 |      59 |       0 |   0.0
            +---------+---------+-------+---------+---------+-------
        D:1 |      51 |       0 |   0.0 |      29 |       0 |   0.0
        D:2 |      28 |       0 |   0.0 |       7 |       0 |   0.0
        D:3 |     273 |       0 |   0.0 |      16 |       0 |   0.0
        D:4 |      13 |       0 |   0.0 |       1 |       0 |   0.0
        D:5 |     131 |       0 |   0.0 |       6 |       0 |   0.0
            +---------+---------+-------+---------+---------+-------
